 Dungeon Crawl Stone Soup version 0.28-a0-224-g76b539d98b (webtiles) character file.

Game seed: 10323686720703014841

202496 theanonym the Warrior (level 18, -1/176 HPs)
             Began as a Minotaur Abyssal Knight on Aug 21, 2021.
             Was the Champion of Lugonu.
             Slain by a merfolk impaler (8 damage)
             ... on level 3 of the Shoals.
             The game lasted 01:09:36 (30477 turns).

theanonym the Warrior (Minotaur Abyssal Knight)    Turns: 30477, Time: 01:09:37

Health: -1/176     AC: 37    Str: 40    XL:     18   Next: 33%
Magic:  24/24      EV: 13    Int:  9    God:    Lugonu [******]
Gold:   2408       SH:  0    Dex:  9    Spells: 17/17 levels left

rFire   . . .      SeeInvis .   a - +3 scimitar "theanonym's Bane" {protect, Str+4 Stlth+}
rCold   . . .      Faith    .   (no shield)
rNeg    . . .      Spirit   .   c - +0 plate armour
rPois   +          Reflect  .   (helmet restricted)
rElec   .          Harm     .   M - +2 cloak {rPois}
rCorr   .          Rampage  +   n - +2 pair of gloves {Stlth+}
Will    .....                   R - +2 pair of boots {rampage}
Stlth   ..........              e - amulet of regeneration
HPRegen 1.39/turn               O - +6 ring of strength
MPRegen 0.19/turn               o - +6 ring of strength

@: mighty, weak-willed, engulfed (cannot breathe), under a protective aura,
attractive, mesmerised, very slow
A: horns 2, retaliatory headbutt, clumsy 1
a: Renounce Religion, Depart the Abyss, Bend Space, Banish, Corrupt, Enter the
Abyss, Brand Weapon With Distortion


Innate Abilities, Weirdness & Mutations

You have a pair of horns on your head.
You reflexively headbutt those who attack you in melee.
You are clumsy. (Dex -2)


   Skills:
 + Level 19.3 Fighting
 + Level 18.4 Long Blades
 + Level 18.8 Armour
 + Level 14.4 Dodging
 - Level 10.0 Invocations


You had 17 spell levels left.
You didn't know any spells.
Your spell library contained the following spells:

 Spells                   Type           Power      Damage    Failure   Level
 Animate Skeleton         Necr           0%         N/A       77%         1
 Apportation              Tloc           0%         N/A       77%         1
 Corona                   Hex            0%         N/A       77%         1
 Summon Small Mammal      Summ           0%         N/A       77%         1
 Corpse Rot               Necr/Air       N/A        N/A       88%         2
 Ensorcelled Hibernation  Hex/Ice        0%         N/A       88%         2
 Poisonous Vapours        Pois/Air       0%         N/A       88%         2
 Slow                     Hex            0%         N/A       88%         2
 Sublimation of Blood     Necr           0%         N/A       88%         2
 Call Canine Familiar     Summ           0%         N/A       98%         3
 Confusing Touch          Hex            0%         N/A       98%         3
 Gell's Gravitas          Tloc           0%         N/A       98%         3
 Ignite Poison            Fire/Tmut/Pois 0%         N/A       98%         3
 Inner Flame              Hex/Fire       0%         N/A       98%         3
 Lesser Beckoning         Tloc           0%         N/A       98%         3
 Mephitic Cloud           Conj/Pois/Air  0%         N/A       98%         3
 Ozocubu's Armour         Ice            0%         N/A       98%         3
 Spider Form              Tmut/Pois      0%         N/A       98%         3
 Summon Guardian Golem    Hex/Summ       0%         N/A       98%         3
 Teleport Other           Tloc           0%         N/A       98%         3
 Airstrike                Air            0%         N/A       100%        4
 Animate Armour           Summ/Erth      0%         N/A       100%        4
 Cause Fear               Hex            0%         N/A       100%        4
 Petrify                  Tmut/Erth      0%         N/A       100%        4
 Summon Lightning Spire   Summ/Air       0%         N/A       100%        4
 Blade Hands              Tmut           0%         N/A       100%        5
 Bolt of Magma            Conj/Fire/Erth 0%         4d4       100%        5
 Fireball                 Conj/Fire      0%         3d3       100%        5
 Freezing Cloud           Conj/Ice/Air   0%         6-21      100%        5
 Irradiate                Conj/Tmut      0%         3d13      100%        5
 Lightning Bolt           Conj/Air       0%         1d11      100%        5
 Metabolic Englaciation   Hex/Ice        0%         N/A       100%        5
 Yara's Violent Unravell  Hex/Tmut       0%         3d3       100%        5
 Dispersal                Tloc           0%         N/A       100%        6
 Iron Shot                Conj/Erth      0%         9d1       100%        6
 Shadow Creatures         Summ           N/A        N/A       100%        6
 Simulacrum               Ice/Necr       0%         N/A       100%        6
 Starburst                Conj/Fire      0%         6d3       100%        6
 Discord                  Hex            0%         N/A       100%        8
 Ignition                 Fire           0%         3d3       100%        8

Skill      XL: |  1  2  3  4  5  6  7  8  9 10 11 12 13 14 15 16 17 18 |
---------------+-------------------------------------------------------+-----
Long Blades    | 3 4 5 6 7 9 12 14 16 18 | 18.4
Fighting       | 4 5 6 7 9 10 11 13 15 17 18 19 | 19.3
Armour         | 6 7 11 13 15 16 18 | 18.8
Dodging        | 4 8 11 13 14 | 14.4
Invocations    | 4 6 8 9 10 | 10.0

Action                   |  1- 3 |  4- 6 |  7- 9 | 10-12 | 13-15 | 16-18 || total
-------------------------+-------+-------+-------+-------+-------+-------++-------
Melee: Falchion          |    89 |   144 |    75 |       |       |       ||   308
       Headbutt          |     8 |    19 |    44 |   165 |   297 |   523 ||  1056
       Long sword        |       |       |   153 |   790 |   617 |    43 ||  1603
       Scimitar          |       |       |       |       |   251 |  1391 ||  1642
       Unarmed           |       |       |       |       |    13 |       ||    13
Throw: Throwing net      |       |     1 |       |       |       |       ||     1
Invok: Depart the Abyss  |     1 |       |       |       |       |     3 ||     4
       Bend Space        |       |       |       |       |     5 |       ||     5
Evoke: Wand              |       |       |       |     7 |       |       ||     7
       Phantom mirror    |       |       |       |       |       |     1 ||     1
  Use: Scroll            |       |     4 |    11 |     7 |     5 |     5 ||    32
       Potion            |       |     2 |     2 |     5 |    10 |    12 ||    31
 Stab: Invisible         |       |     2 |       |       |     3 |     2 ||     7
       Paralysed         |       |       |       |     4 |       |       ||     4
Armor: Leather armour    |    15 |       |       |       |       |       ||    15
       Ring mail         |    20 |    26 |       |       |       |       ||    46
       Scale mail        |       |    14 |   103 |     7 |       |       ||   124
       Plate armour      |       |       |       |   449 |   670 |  1158 ||  2277
       Skin              |       |       |       |    48 |       |       ||    48
       Acid dragon scale |       |       |       |       |       |     2 ||     2
Dodge: Dodged            |    47 |    49 |   112 |   272 |   419 |   943 ||  1842
       Rpst.: Falchion   |    11 |    13 |     9 |       |       |       ||    33
       Long sword        |       |       |    20 |    65 |    85 |    10 ||   180
       Scimitar          |       |       |       |       |    25 |   178 ||   203

Inventory:

Hand Weapons
 a - the +3 scimitar "theanonym's Bane" (weapon) {protect, Str+4 Stlth+}

   It grants its wielder temporary protection when it strikes (+7 to AC).
   Str:       It affects your strength (+4).
   Stlth:     It makes you more stealthy.
 b - a +2 scimitar of flaming
Missiles
 j - 8 throwing nets
Armour
 c - a +0 plate armour (worn)
 n - a +2 pair of gloves of stealth (worn)
 u - +0 acid dragon scales
 J - a scarf of resistance
 M - a +2 cloak of poison resistance (worn)
 R - a +2 pair of boots of rampaging (worn)
Jewellery
 d - a ring of poison resistance
 e - an amulet of regeneration (around neck)
 o - a +6 ring of strength (right hand)
 G - the ring of Ephemeral Luck {Fire rCorr Str+3 Int+2 Dex+4}

   [ring of fire]

   It enhances your fire magic.
   Str:       It affects your strength (+3).
   Int:       It affects your intelligence (+2).
   Dex:       It affects your dexterity (+4).
   rF:        It protects you from fire.
   rC:        It makes you vulnerable to cold.
   rCorr:     It protects you from acid and corrosion.
 H - a ring of wizardry
 O - a +6 ring of strength (left hand)
 P - a ring of protection from fire
 Q - a ring of protection from cold
 S - a ring of see invisible
Wands
 i - a wand of charming (22)
 v - a wand of acid (24)
 A - a wand of paralysis (4)
 C - a wand of polymorph (22)
 D - a wand of iceblast (43)
 N - a wand of flame (79)
Scrolls
 f - 6 scrolls of fog
 g - 2 scrolls of enchant weapon
 r - 9 scrolls of identify
 s - 5 scrolls of fear
 t - 8 scrolls of teleportation
 x - 2 scrolls of silence
 y - 6 scrolls of magic mapping
 B - a scroll of blinking
 E - 3 scrolls of enchant armour
 I - a scroll of brand weapon
 L - 2 scrolls of summoning
 T - a scroll of holy word
 U - a scroll of immolation
Potions
 h - 6 potions of brilliance
 k - 3 potions of flight
 l - 3 potions of mutation
 m - a potion of might
 p - 2 potions of attraction
 q - a potion of heal wounds
 w - 17 potions of curing
 z - 9 potions of ambrosia
 F - 4 potions of resistance
Miscellaneous
 K - a phantom mirror (inert)


You were on level 3 of the Shoals.
You worshipped Lugonu.
Lugonu was exalted by your worship.
You visited 5 branches of the dungeon, and saw 30 of its levels.
You visited the Abyss 4 times.
You also visited: Sewer and Ice Cave.

You collected 3163 gold pieces.
You spent 755 gold pieces at shops.

Dungeon Overview and Level Annotations

Branches:
Dungeon (15/15)            Temple (0/1) D:6            Lair (6/6) D:9
 Shoals (3/4) Lair:4       Spider (4/4) Lair:3        Slime (0/5) Lair:6
    Orc (2/2) D:10            Elf (0/3) Orc:2        Vaults (0/5) D:13
 Depths (0/5) D:15          Sewer (visited)           IceCv (visited)

Altars:
Ashenzari
Dithmenos
Kikubaaqudgha
Nemelex Xobeh
Okawaru
Trog
Vehumet
Xom
Yredelemnul
The Shining One
Beogh
Jiyva

Shops:
D:4 ?   D:8 (:*   D:12 *   Orc:2 ((=

Annotations:
Shoals:3 Ilsuiw
Spider:4 exclusion: 3 doors

≈≈≈≈≈≈≈..##.≈≈≈≈≈..
≈≈≈≈≈≈≈≈###>.≈≈≈≈.#
≈≈≈≈≈≈≈≈...#....≈.#
≈≈≈≈≈≈≈≈≈..##.....##
≈≈≈≈≈≈≈≈≈>.##.......
≈≈≈≈≈≈≈≈≈≈......≈≈..
≈≈≈≈≈≈≈≈..≈.....≈≈≈≈
≈≈≈≈≈≈≈≈≈≈EEcm....≈≈
≈≈≈≈≈≈≈≈≈≈≈@mE§##..≈
≈≈≈≈≈≈...≈≈mmm..#
≈≈≈≈≈≈.#..≈m≈t≈§...
≈≈≈≈≈≈≈.≈≈≈E≈≈...≈≈§
≈≈≈≈≈≈≈≈≈≈≈≈≈≈≈.≈≈≈§
≈≈≈≈≈≈≈≈≈≈≈≈≈≈≈≈≈≈≈.
≈≈≈≈≈≈≈≈≈≈≈≈≈≈≈≈
≈≈≈≈≈≈≈≈≈≈≈≈≈≈≈


You could see Ilsuiw, a merfolk impaler, a merfolk javelineer, a snapping
turtle, a merfolk, a faun (strong), 3 water elementals, a merfolk siren
(mesmerising, ally target), the friendly Ilsuiw (summoned, drained) and a
friendly water elemental (summoned).

Notes
Turn   | Place    | Note
-------+----------+-------------------------------------------
     0 | Abyss:1  | theanonym the Minotaur Abyssal Knight began the quest for
                  | the Orb.
     0 | Abyss:1  | Reached XP level 1. HP: 19/19 MP: 1/1
    45 | Abyss:1  | Noticed a small abomination
    46 | D:1      | Escaped the Abyss
   189 | D:1      | Reached skill level 3 in Long Blades
   214 | D:1      | Reached XP level 2. HP: 26/27 MP: 2/2
   354 | D:1      | HP: 12/27 [kobold (5)]
   365 | D:1      | HP: 12/27 [kobold/stone (1)]
   366 | D:1      | Reached skill level 4 in Fighting
   369 | D:1      | Reached * piety under Lugonu
   370 | D:1      | HP: 10/27 [kobold (1)]
   910 | D:2      | Reached XP level 3. HP: 32/33 MP: 3/3
   924 | D:2      | Reached skill level 4 in Long Blades
  1173 | D:2      | Found a faded altar of an unknown god.
  1203 | D:2      | Reached XP level 4. HP: 39/41 MP: 4/4
  1213 | D:2      | Found an iron altar of Okawaru.
  1483 | D:3      | Reached ** piety under Lugonu
  1494 | D:3      | Found a basalt altar of Yredelemnul.
  1676 | D:3      | Reached skill level 5 in Long Blades
  1811 | D:3      | Reached XP level 5. HP: 47/47 MP: 5/5
  1844 | D:3      | Reached skill level 5 in Fighting
  2148 | D:4      | Found Castamn's Magic Scroll Emporium.
  2155 | D:4      | Noticed Duvessa
  2188 | D:4      | Killed Duvessa
  2189 | D:4      | Reached skill level 6 in Long Blades
  2222 | D:4      | Bought a scroll of identify for 24 gold pieces
  2222 | D:4      | Bought a scroll of identify for 24 gold pieces
  2300 | D:4      | Noticed Dowan
  2315 | D:4      | HP: 22/48 [Dowan/stone arrow (12)]
  2326 | D:4      | Killed Dowan
  2327 | D:4      | Reached XP level 6. HP: 39/57 MP: 6/6
  2352 | D:4      | Bought a scroll of teleportation for 36 gold pieces
  2607 | D:4      | Noticed Blork the orc
  2650 | D:4      | Killed Blork the orc
  2651 | D:4      | Reached skill level 7 in Long Blades
  2721 | D:4      | HP: 25/57 [scorpion (4)]
  2724 | D:4      | Reached skill level 6 in Fighting
  2726 | D:4      | HP: 21/57 [poisoned by a scorpion]
  2956 | D:4      | Found a shadowy altar of Dithmenos.
  3073 | D:4      | Found a runed translucent door.
  3074 | D:4      | Noticed Crazy Yiuf
  3180 | D:4      | Killed Crazy Yiuf
  3245 | D:5      | Entered Level 5 of the Dungeon
  3260 | D:5      | Reached XP level 7. HP: 60/64 MP: 7/7
  3293 | D:5      | Found a glowing drain.
  3300 | Sewer    | Entered a sewer
  3312 | Sewer    | Reached skill level 8 in Long Blades
  3476 | Sewer    | Reached *** piety under Lugonu
  4144 | D:5      | Reached skill level 7 in Fighting
  4192 | D:5      | Found a sparkling altar of Nemelex Xobeh.
  4200 | D:5      | Reached skill level 9 in Long Blades
  4265 | D:5      | Reached XP level 8. HP: 50/65 MP: 8/8
  4384 | D:5      | Reached skill level 10 in Long Blades
  4445 | D:5      | Reached skill level 8 in Fighting
  4847 | D:6      | Found a glowing golden altar of the Shining One.
  5107 | D:6      | Found a staircase to the Ecumenical Temple.
  5127 | D:6      | Reached skill level 11 in Long Blades
  5136 | D:6      | Reached **** piety under Lugonu
  5306 | D:6      | Noticed a two-headed ogre
  5320 | D:6      | Killed a two-headed ogre
  5321 | D:6      | Reached skill level 9 in Fighting
  5321 | D:6      | Reached skill level 12 in Long Blades
  5321 | D:6      | Reached XP level 9. HP: 69/84 MP: 9/9
  5567 | D:6      | Found an iron altar of Okawaru.
  5567 | D:6      | Found a bloodstained altar of Trog.
  5890 | D:6      | Reached skill level 10 in Fighting
  5890 | D:6      | Reached skill level 14 in Long Blades
  5890 | D:6      | Reached skill level 6 in Armour
  5890 | D:6      | Reached skill level 4 in Dodging
  5890 | D:6      | Reached skill level 4 in Invocations
  5890 | D:6      | Reached XP level 10. HP: 94/94 MP: 9/12
  6094 | D:7      | Reached skill level 11 in Fighting
  6425 | D:7      | HP: 45/95 [gnoll (9)]
  6431 | D:7      | HP: 36/95 [gnoll (5)]
  6568 | D:7      | HP: 42/95 [orc warrior (13)]
  6822 | D:8      | Found Ymireev's Antique Weapon Emporium.
  6836 | D:8      | Found Igryjyn's Book Shop.
  6842 | D:8      | Found Poar's General Store.
  6858 | D:8      | Bought a scroll of identify for 32 gold pieces
  6858 | D:8      | Bought a scroll of identify for 32 gold pieces
  6858 | D:8      | Bought a scroll of identify for 32 gold pieces
  6982 | D:8      | Found a broken altar of Ashenzari.
  6992 | D:8      | Reached skill level 7 in Armour
  7631 | D:9      | Reached ***** piety under Lugonu
  7656 | D:9      | Reached XP level 11. HP: 95/104 MP: 13/13
  7681 | D:9      | Reached skill level 8 in Armour
  7706 | D:9      | Found a staircase to the Lair.
  7746 | D:9      | Reached skill level 12 in Fighting
  8029 | D:9      | Found a radiant altar of Vehumet.
  8267 | D:9      | Found a runed translucent gate.
  8294 | D:9      | Found a runed translucent gate.
  8294 | D:9      | Found a runed translucent gate.
  8299 | D:9      | Noticed Lochraine's ghost (novice FoVM)
  8317 | D:9      | Reached skill level 9 in Armour
  9072 | D:10     | Entered Level 10 of the Dungeon
  9209 | D:10     | Noticed Maggie
  9231 | D:10     | HP: 50/105 [orc warrior (4)]
  9238 | D:10     | HP: 71/157 [orc priest (3)]
  9245 | D:10     | HP: 68/157 [Maggie (2)]
  9249 | D:10     | Killed Maggie
  9376 | D:10     | Noticed a death knight
  9401 | D:10     | HP: 52/106 [mirror damage (9)]
  9402 | D:10     | HP: 14/106 [death knight (27)]
  9407 | D:10     | HP: 27/159 [gnoll (3)]
  9407 | D:10     | HP: 6/159 [death knight (21)]
  9408 | D:10     | Killed a death knight
  9409 | D:10     | Reached skill level 13 in Fighting
  9409 | D:10     | Reached skill level 10 in Armour
  9412 | D:10     | HP: 41/160 [gnoll (2)]
  9501 | D:10     | Noticed Joseph
  9514 | D:10     | Killed Joseph
  9541 | D:10     | Noticed Sonja
  9569 | D:10     | Killed Sonja
  9639 | D:10     | You fall into a shaft and drop 1 floor!
  9835 | D:11     | Noticed a two-headed ogre
  9842 | D:11     | Killed a two-headed ogre
  9843 | D:11     | Reached skill level 11 in Armour
  9897 | D:11     | Noticed a cyan ugly thing
  9898 | D:11     | Noticed a purple ugly thing
  9909 | D:11     | Reached XP level 12. HP: 89/115 MP: 14/14
  9921 | D:11     | HP: 47/115 [cyan ugly thing (16)]
  9929 | D:11     | HP: 30/116 [purple ugly thing (12)]
  9935 | D:11     | Reached skill level 14 in Fighting
 10193 | D:10     | Found a staircase to the Orcish Mines.
 10452 | D:11     | Reached ****** piety under Lugonu
 10985 | Lair:1   | Entered Level 1 of the Lair of Beasts
 10993 | Lair:1   | Reached skill level 12 in Armour
 11190 | Lair:1   | Noticed a five-headed hydra
 11196 | Lair:1   | Killed a three-headed hydra
 11197 | Lair:1   | Reached skill level 15 in Fighting
 11238 | Lair:1   | Reached skill level 13 in Armour
 11414 | Lair:1   | Noticed a five-headed hydra
 11421 | Lair:1   | Killed a one-headed hydra
 12554 | Lair:2   | Reached XP level 13. HP: 72/128 MP: 15/15
 12655 | Lair:3   | Found a hole to the Spider Nest.
 12741 | Lair:3   | Reached skill level 16 in Fighting
 12792 | Lair:3   | Reached skill level 14 in Armour
 13058 | Lair:3   | HP: 57/130 [komodo dragon (10)]
 13065 | Lair:3   | HP: 47/130 [komodo dragon (12)]
 13084 | Lair:2   | HP: 54/130 [elephant (4)]
 13555 | Lair:4   | Found a transporter.
 13574 | Lair:4   | Found a transporter.
 13638 | Lair:4   | Reached skill level 5 in Invocations
 13774 | Lair:4   | Noticed Danufek's ghost (journeyman MfGl)
 13903 | Lair:4   | Found a staircase to the Shoals.
 14223 | Lair:4   | Reached skill level 6 in Invocations
 14230 | Lair:4   | Reached skill level 15 in Armour
 14255 | Lair:5   | Reached skill level 17 in Fighting
 14634 | Lair:5   | Reached XP level 14. HP: 110/140 MP: 18/18
 14772 | Lair:5   | Reached skill level 7 in Invocations
 15290 | Lair:6   | Entered Level 6 of the Lair of Beasts
 15341 | Lair:5   | Reached skill level 5 in Dodging
 15583 | Lair:6   | HP: 70/140 [snapping turtle (12)]
 15590 | Lair:6   | HP: 67/140 [snapping turtle (9)]
 15708 | Lair:6   | Noticed Josephine
 16006 | Lair:6   | Reached skill level 6 in Dodging
 16133 | Lair:6   | HP: 66/140 [cane toad (11)]
 16140 | Lair:6   | HP: 56/141 [fire dragon (1)]
 16411 | Lair:6   | Reached skill level 8 in Invocations
 16442 | Lair:6   | Found a viscous altar of Jiyva.
 16442 | Lair:6   | Found a staircase to the Slime Pits.
 16468 | Lair:6   | Killed Josephine
 16484 | Lair:6   | Reached skill level 16 in Armour
 16492 | Lair:6   | HP: 67/141 [wind drake/the air (9)]
 16497 | Lair:6   | HP: 40/141 [wraith[Josephine] (6)]
 16510 | Lair:6   | HP: 55/141 [yak (6)]
 16516 | Lair:6   | HP: 65/141 [yak (1)]
 16521 | Lair:6   | HP: 47/141 [cane toad (6)]
 16527 | Lair:6   | HP: 42/141 [manticore (1)]
 16530 | Lair:6   | Reached skill level 7 in Dodging
 16687 | Lair:6   | Reached skill level 18 in Fighting
 16994 | Lair:6   | Noticed Kirke
 17043 | Lair:6   | HP: 64/143 [wind drake/the air (13)]
 17049 | Lair:6   | HP: 60/143 [something (3)]
 17053 | Lair:6   | HP: 24/143 [wind drake/the air (20)]
 17053 | Lair:6   | HP: 6/143 [something (18)]
 17173 | Lair:6   | Reached skill level 8 in Dodging
 17173 | Lair:6   | Reached XP level 15. HP: 150/150 MP: 20/20
 17216 | Lair:6   | Killed Kirke
 17488 | Lair:6   | Identified the ring of Ephemeral Luck {Fire rCorr Str+3
                  | Int+2 Dex+4}
 17720 | Orc:1    | Entered Level 1 of the Orcish Mines
 17720 | Orc:1    | Noticed Maurice
 17728 | Orc:1    | Killed Maurice
 17729 | Orc:1    | Reached skill level 9 in Invocations
 17927 | Orc:2    | Entered Level 2 of the Orcish Mines
 18156 | Orc:2    | Found a staircase to the Elven Halls.
 19306 | Orc:2    | Reached XP level 16. HP: 159/159 MP: 21/21
 19337 | Orc:2    | Found Racinko's Antique Weapon Shoppe.
 19392 | Orc:2    | Found an ancient bone altar of Kikubaaqudgha.
 19392 | Orc:2    | Noticed Nergalle
 19436 | Orc:2    | Killed Nergalle
 19466 | Orc:2    | Found Toedo's Antique Weapon Shoppe.
 19550 | Orc:2    | Bought a masterwork scimitar for 225 gold pieces
 19550 | Orc:2    | Identified the +3 scimitar "theanonym's Bane" {protect,
                  | Str+4 Stlth+} (You bought it in a shop on level 2 of the
                  | Orcish Mines)
 19555 | Orc:2    | Found a radiant altar of Vehumet.
 19617 | Orc:2    | Reached skill level 9 in Dodging
 19659 | Orc:2    | Found Vapn's Magic Scroll Emporium.
 19678 | Orc:2    | Found Iceyfe's Jewellery Emporium.
 19687 | Orc:2    | Bought a ring of protection from fire for 350 gold pieces
 19908 | D:12     | Found Kallibuck's General Store.
 19946 | D:12     | Found a frozen archway.
 19979 | IceCv    | Entered an ice cave
 20036 | IceCv    | Reached skill level 17 in Armour
 20954 | D:12     | Reached skill level 10 in Invocations
 21287 | D:13     | Reached skill level 15 in Long Blades
 21363 | D:13     | Identified the +1 chain mail of the Beggar {rC- Str+7
                  | Dex+3}
 21491 | D:13     | Reached skill level 10 in Dodging
 22006 | D:13     | Found a gate to the Vaults.
 22259 | D:13     | HP: 71/159 [cyan ugly thing (17)]
 22267 | D:13     | HP: 62/159 [cyan ugly thing (4)]
 22272 | D:13     | HP: 58/159 [cyan ugly thing (2)]
 22716 | D:14     | Cast into level 2 of the Abyss (a wizard)
 22804 | Abyss:2  | Paralysed by accursed screaming for 1 turns
 22806 | D:14     | Escaped the Abyss
 23133 | D:15     | Entered Level 15 of the Dungeon
 23140 | D:15     | Reached skill level 11 in Dodging
 23178 | D:15     | Reached skill level 18 in Armour
 23209 | D:15     | Found a shimmering altar of Xom.
 23242 | D:15     | Reached skill level 16 in Long Blades
 23350 | D:15     | Paralysed by an ogre mage for 3 turns
 23364 | D:14     | Reached XP level 17. HP: 130/166 MP: 23/23
 23589 | D:15     | Found a staircase to the Depths.
 23591 | D:15     | Noticed Louise
 23608 | D:15     | Cast into level 2 of the Abyss (Louise)
 23730 | Abyss:2  | Reached skill level 12 in Dodging
 23785 | D:15     | Escaped the Abyss
 23814 | D:15     | Killed Louise
 23869 | D:15     | Cast into level 2 of the Abyss (a wizard)
 23949 | Abyss:2  | HP: 77/166 [lurking horror (74)]
 24036 | Abyss:2  | Gained mutation: You are clumsy. (Dex -2) [a neqoxec]
 24344 | Abyss:3  | Noticed a bone dragon
 24419 | D:15     | Escaped the Abyss
 24419 | D:15     | HP: 55/116 [slime creature (9)]
 24427 | D:15     | HP: 30/116 [slime creature (13)]
 24585 | D:15     | Reached skill level 17 in Long Blades
 25170 | D:9      | Killed Lochraine's ghost
 25314 | Lair:4   | Reached skill level 13 in Dodging
 25331 | Lair:4   | HP: 83/166 [Danufek's ghost (13)]
 25339 | Lair:4   | HP: 68/166 [death yak (6)]
 25345 | Lair:4   | HP: 58/166 [death yak (17)]
 25350 | Lair:4   | HP: 54/166 [Danufek's ghost (9)]
 25356 | Lair:4   | HP: 48/166 [Danufek's ghost (5)]
 25363 | Lair:4   | HP: 44/166 [Danufek's ghost (10)]
 25367 | Lair:4   | Killed Danufek's ghost
 25469 | Lair:4   | Identified the +4 rapier of Regicide {freeze, rN+ Str+2
                  | Int+2 Dex+2}
 25647 | Spider:1 | Entered Level 1 of the Spider Nest
 26303 | Spider:2 | Noticed Arachne
 26318 | Spider:2 | HP: 80/166 [poisoned by a wolf spider]
 26320 | Spider:2 | HP: 34/166 [Arachne (18)]
 26322 | Spider:2 | Killed Arachne
 26323 | Spider:2 | HP: 16/166 [poisoned by a wolf spider]
 26328 | Spider:2 | HP: 12/166 [poisoned by a wolf spider]
 26333 | Spider:2 | HP: 14/166 [poisoned by a wolf spider]
 26908 | Spider:2 | Identified a scroll of acquirement
 26910 | Spider:2 | Acquired a +2 pair of boots of rampaging
 28024 | Spider:4 | Entered Level 4 of the Spider Nest
 28121 | Spider:3 | HP: 82/166 [spark wasp/living lightning (20)]
 28124 | Spider:3 | HP: 28/166 [spark wasp (14)]
 28255 | Spider:4 | Reached skill level 18 in Long Blades
 28285 | Spider:4 | Reached skill level 19 in Fighting
 28288 | Spider:4 | Reached XP level 18. HP: 163/176 MP: 3/24
 28475 | Spider:4 | Reached skill level 14 in Dodging
 28860 | Shoals:1 | Entered Level 1 of the Shoals
 28926 | Shoals:1 | HP: 85/176 [merfolk (8)]
 29676 | Shoals:2 | HP: 85/176 [merfolk (6)]
 30462 | Shoals:3 | Noticed Ilsuiw
 30472 | Shoals:3 | HP: 76/176 [faun[a satyr] (23)]
 30474 | Shoals:3 | HP: 36/176 [faun[a satyr] (2)]
 30476 | Shoals:3 | HP: 13/176 [merfolk (7)]
 30476 | Shoals:3 | HP: 3/176 [snapping turtle (10)]
 30477 | Shoals:3 | Slain by a merfolk impaler

Vanquished Creatures
  Arachne (Spider:2)
  Kirke (Lair:6)
  A frost giant (IceCv)
  3 ghost moths
  2 emperor scorpions
  Louise (D:15)
  A spark wasp (Spider:3)
  The ghost of Danufek the Spear-Bearer, a journeyman MfGl of Okawaru (Lair:4)
  An ettin (D:15)
  4 merfolk impalers
  A fire dragon (Lair:6)
  Josephine (Lair:6)
  A rakshasa (D:14)
  2 boulder beetles
  8 hydras
  3 ogre magi
  A catoblepas (D:14)
  2 merfolk avatars
  4 centaur warriors
  9 two-headed ogres
  2 satyrs
  14 death yaks
  A tengu warrior (D:15)
  2 death knights
  The ghost of Lochraine the Stinger, a novice FoVM of Qazlal (D:9)
  2 thrashing horrors (Abyss:2)
  A hell knight (D:15)
  Sonja (D:10)
  A wretched star (Abyss:2)
  Nergalle (Orc:2)
  A fire crab (shapeshifter) (D:15)
  A sixfirhy (Abyss:2)
  6 sea snakes
  A glowing orange brain (Abyss:2)
  3 wizards
  2 deep trolls
  A lindwurm (shapeshifter) (D:15)
  7 harpies
  A harpy (shapeshifter) (D:14)
  8 orc sorcerers (Orc:2)
  A phantasmal warrior (D:13)
  A necromancer (D:15)
  18 ugly things
  6 deep elf pyromancers
  An oklob plant (Lair:4)
  8 orb spiders
  5 manticores
  5 fauns
  7 cyclopes
  A moth of wrath (Spider:4)
  9 wolf spiders
  A worldbinder (Abyss:2)
  Maurice (Orc:1)
  4 black mambas
  4 merfolk sirens
  26 elephants
  2 ice statues
  An apocalypse crab (Abyss:3)
  2 water nymphs
  Joseph (D:10)
  3 gargoyles
  A smoke demon (Abyss:2)
  Maggie (D:10)
  14 cane toads
  15 komodo dragons
  2 efreet
  2 kobold demonologists
  2 unseen horrors
  26 rime drakes
  3 freezing wraiths
  5 demonic crawlers
  A tengu conjurer (D:15)
  An ancient zyme (Abyss:3)
  2 ice devils (D:12)
  4 hellwings (Abyss:2)
  30 jumping spiders
  7 merfolk
  6 trolls
  6 polar bears
  A wind drake (shapeshifter) (D:13)
  A queen bee (D:11)
  A troll (shapeshifter) (D:14)
  3 hornets
  4 raiju (Abyss:3)
  24 blink frogs
  4 wind drakes
  5 snapping turtles
  12 slime creatures
  7 dream sheep (Lair:6)
  10 large abominations
  22 redbacks
  2 centaur simulacra
  12 tarantellas
  3 shadows (D:11)
  14 starcursed masses
  3 water elementals
  14 wraiths
  52 yaks
  2 wyverns
  8 basilisks
  A wyvern (shapeshifter) (D:13)
  3 hogs (Lair:6)
  12 steam dragons
  2 vampire mosquitoes (D:14)
  A chaos spawn (Abyss:2)
  A neqoxec (Abyss:2)
  A warg (shapeshifter) (D:15)
  3 acid dragons
  A warg (Orc:1)
  2 small abominations
  17 water moccasins
  Duvessa (D:4)
  4 black bears
  20 orc warriors
  2 sky beasts
  7 ogres
  16 wolves
  2 necrophages
  10 centaurs
  A phantom (D:5)
  A kobold brigand (D:10)
  Blork the orc (D:4)
  13 bullfrogs
  4 gnoll sergeants
  2 wyvern zombies (D:6)
  7 scorpions
  Dowan (D:4)
  A water moccasin zombie (D:6)
  2 wyvern skeletons
  A water moccasin skeleton (D:7)
  25 killer bees (D:11)
  8 wights
  4 howler monkeys
  2 electric eels (Spider:3)
  A centaur zombie (D:5)
  A bullfrog zombie (D:7)
  A quasit (D:6)
  3 jellies
  A centaur skeleton (D:7)
  12 orc priests
  Crazy Yiuf (D:4)
  A gnoll shaman (D:6)
  3 iguanas
  37 orc wizards
  A killer bee zombie (D:7)
  A hound zombie (D:3)
  A hound skeleton (D:3)
  10 adders
  21 gnolls
  A howler monkey skeleton (D:3)
  2 river rats
  3 white imps
  2 ufetubi
  2 adder skeletons (D:3)
  5 dart slugs
  5 worms
  82 orcs
  3 endoplasms
  3 giant cockroaches
  8 goblins
  7 hobgoblins
  8 jackals
  4 quokkas
  13 ball pythons
  3 bats
  5 frilled lizards
  2 goblin skeletons (D:6)
  3 goblin zombies (D:6)
  2 hobgoblin zombies (D:6)
  20 kobolds
  A kobold zombie (D:6)
  An orc skeleton (D:6)
  2 orc zombies (D:6)
  A quokka skeleton (D:3)
  A quokka zombie (D:3)
  6 rats
  A lurking horror (Abyss:2)
  A starspawn tentacle (Abyss:2)
1015 creatures vanquished.

Vanquished Creatures (others)
  A hornet (Spider:3)
  A slime creature (D:13)
  A yak (Lair:6)
  A human (Lair:6)
  A hog (Lair:6)
  An orc wizard (Orc:2)
  26 fungi
  81 plants
113 creatures vanquished.

Grand Total: 1128 creatures vanquished

Table legend: (Time is in decaauts)
 A = Elapsed time spent in this place.
 B = Non-inter-level travel time spent in this place.
 C = Inter-level travel time spent in this place.
 D = Time resting spent in this place.
 E = Time spent auto-exploring this place.
 F = Levels seen in this place.
 G = Mean time per level.
                   A        B        C        D        E       F      G
               +--------+--------+--------+--------+--------+-----+--------+
         Total |  30115 |  27933 |   2182 |   3680 |  18149 |  37 |  813.9 |
       Dungeon |  14021 |  12906 |   1115 |   1353 |   9013 |  15 |  934.7 |
          Lair |   6959 |   6375 |    584 |   1104 |   3810 |   6 | 1159.8 |
        Shoals |   1710 |   1566 |    144 |    345 |    966 |   3 |  570.0 |
   Spider Nest |   3096 |   2915 |    181 |    323 |   1917 |   4 |  774.0 |
  Orcish Mines |   2004 |   1848 |    156 |    346 |    959 |   2 | 1002.0 |
         Abyss |    811 |    811 |      0 |    103 |    460 |   5 |  162.2 |
         Sewer |    823 |    823 |      0 |      0 |    730 |   1 |  823.0 |
      Ice Cave |    688 |    688 |      0 |    106 |    292 |   1 |  688.0 |
               +--------+--------+--------+--------+--------+-----+--------+

Top non-repeatable levels by time:
  Lair:6: 1791 daAuts
     D:9: 1546 daAuts
  Lair:5: 1526 daAuts
   Orc:2: 1421 daAuts
     D:6: 1160 daAuts
     D:4: 1148 daAuts
    D:13: 1137 daAuts
Spider:2: 1102 daAuts
  Lair:4: 1100 daAuts
    D:10: 1075 daAuts
     D:5: 964 daAuts
  Lair:2: 914 daAuts
    D:15: 899 daAuts
    D:11: 891 daAuts
Spider:3: 880 daAuts
